 Dungeon Crawl Stone Soup version 0.31-a0-121-g1e386dd289 (webtiles) character file.

Game seed: 11989247972950341384

8 Essalna the Digger (level 2, 20/20 HPs)
             Began as a Demonspawn Earth Elementalist on June 1, 2023.
             Got out of the dungeon alive.
             The game lasted 00:00:26 (252 turns).

Essalna the Digger (Demonspawn Earth Elementalist)   Turns: 252, Time: 00:00:27

Health: 20/20      AC:  2    Str:  8    XL:     2   Next: 0%
Magic:  5/5        EV: 12    Int: 16    God:
Gold:   19         SH:  0    Dex: 13    Spells: 4/5 levels left

rFire   . . .        (no weapon)
rCold   . . .        (no shield)
rNeg    . . .        a - +0 robe
rPois   .            (helmet restricted)
rElec   .            (no cloak)
rCorr   .            (no gloves)
SInv    .            (no boots)
Will    .....        (no amulet)
Stlth   ++           (no ring)
HPRegen 0.23/turn    (no ring)
MPRegen 0.09/turn

%: no passive effects
@: no status effects
A: antennae 1
a: no special abilities


You escaped.
You visited 1 branch of the dungeon, and saw 1 of its levels.

You collected 19 gold pieces.

Inventory:

Armour
 a - a +0 robe (worn)
Scrolls
 c - a scroll of silence {unknown}
Potions
 b - a potion of magic


   Skills:
 + Level 0.7 Fighting
 - Level 1.7 Dodging
 - Level 1.7 Stealth
 - Level 2.0 Spellcasting
 + Level 1.2 Transmutations
 + Level 2.9 Earth Magic


You had 4 spell levels left.
You knew the following spells:

 Your Spells              Type           Power      Damage    Failure   Level
a - Sandblast             Erth           20%        2d7       6%          1

Your spell library contained the following spells:

 Spells                   Type           Power      Damage    Failure   Level
 Passwall                 Tmut/Erth      6%         N/A       13%         2
 Stone Arrow              Conj/Erth      12%        3d7       34%         3
 Petrify                  Tmut/Erth      8%         N/A       65%         4


Dungeon Overview and Level Annotations

Branches:
Dungeon (1/15)

Altars:


Innate Abilities, Weirdness & Mutations

You have a pair of small antennae on your head.


Message History

The ball python bites you. The ball python grabs you.
The ball python constricts you.
You hit the ball python.
You kill the ball python!
You closely miss the goblin. The goblin hits you but does no damage.
Casting: Sandblast (safe; 6% risk of failure)
Confirm with . or Enter, or press ? or * to list all spells.
Aiming: Sandblast (safe; 6% risk of failure)
Press: ? - help, Shift-Dir - straight line, f - goblin
Aim: a goblin, wielding a +0 club (77% to hit)
The blast of sand hits the goblin!
You kill the goblin!
HP restored.
You see here a +0 club.
A frilled lizard comes into view.
A frilled lizard is nearby!
Found 8 gold pieces.
The blast of sand hits the frilled lizard!
You kill the frilled lizard!
You can't see any susceptible monsters within range! (Use Z to cast anyway.)
You now have 19 gold pieces (gained 8).
You see here a frilled lizard corpse.
Key pressed, stopping explore.
A rat comes into view.
A rat is nearby!
A rat is nearby!
The blast of sand hits the rat.
You kill the rat!
You have reached level 2!
You feel monstrous as your demonic heritage exerts itself.
Your demonic ancestry asserts itself...
A pair of antennae grows on your head!
Items here: ( ) ††.
You see here a +0 club.
There is an open door here.
You open the door.
There is an open door here.
There is a staircase leading out of the dungeon here.
Are you sure you want to leave the Dungeon?
This will make you lose the game!
You have escaped!

#.# ###### ...
#.>@.# ####+####.#
#....# .......##.##
#§.§.# .......+...
#§..§# .......##.#
##§§..#
........#.###..####
####..............#
..........#######.#
####.#.##.# #


There were no monsters in sight!

Vanquished Creatures
  An endoplasm (D:1)
  A goblin (D:1)
  A kobold (D:1)
  A ball python (D:1)
  A bat (D:1)
  A frilled lizard (D:1)
  3 rats (D:1)
9 creatures vanquished.

Notes
Turn   | Place    | Note
-------+----------+-------------------------------------------
     0 | D:1      | Essalna the Demonspawn Earth Elementalist began the quest
                  | for the Orb.
     0 | D:1      | Reached XP level 1. HP: 13/13 MP: 3/3
    95 | D:1      | Reached skill level 1 in Transmutations
   191 | D:1      | Discovered your monstrous ancestry.
   191 | D:1      | Gained mutation: You have a pair of small antennae on your
                  | head. [demonic ancestry]
   191 | D:1      | Reached XP level 2. HP: 20/20 MP: 3/5
   252 | D:$      | Got out of the dungeon alive.

Illustrated notes

Levels and vault maps discovered:
D:1:      dpeg_arrival_fog, layout_basic, hellmonk_ecumenical_altar_run_dry,
          ebering_dispersal_statue_hall

Skill      XL: |  1 |
---------------+----+-----
Transmutations | 1 |  1.2
Fighting       | |  0.7
Dodging        | |  1.7
Stealth        | |  1.7
Spellcasting   | |  2.0
Earth Magic    | |  2.9

Action                     || total
---------------------------++-------
  Melee: Unarmed           ||     5
   Cast: Sandblast         ||     9
 Armour: Robe              ||     1
  Dodge: Dodged            ||    10

Table legend: (Time is in decaauts)
 A = Elapsed time spent in this place.
 B = Non-inter-level travel time spent in this place.
 C = Inter-level travel time spent in this place.
 D = Time resting spent in this place.
 E = Time spent auto-exploring this place.
 F = Levels seen in this place.
 G = Mean time per level.
                   A        B        C        D        E       F      G
               +--------+--------+--------+--------+--------+-----+--------+
         Total |    256 |    196 |     60 |      0 |    157 |   1 |  256.0 |
       Dungeon |    256 |    196 |     60 |      0 |    157 |   1 |  256.0 |
               +--------+--------+--------+--------+--------+-----+--------+

Top non-repeatable levels by time:
     D:1: 256 daAuts
